 Dungeon Crawl Stone Soup version 0.20-a0-947-g2784f4f (webtiles) character file.

1305 relicbr the Cleaver (level 8, -15/62 HPs)
             Began as a Minotaur Gladiator on Apr 2, 2017.
             Was a Follower of Okawaru.
             Demolished by Uniporpoise's ghost (16 damage)
             ... on level 5 of the Dungeon.
             The game lasted 00:10:50 (4581 turns).

relicbr the Cleaver (Minotaur Gladiator)            Turns: 4581, Time: 00:10:50

Health: -15/62     AC:  6    Str: 19    XL:     8   Next: 31%
Magic:  5/7        EV: 16    Int:  5    God:    Okawaru [*.....]
Gold:   269        SH:  2    Dex: 16    Spells: 7/7 levels left

rFire    . . .     SeeInvis .   a - +0 war axe
rCold    + . .     Gourm    .   (no shield)
rNeg     . . .     Faith    .   e - +0 ring mail
rPois    .         Spirit   .   c - +0 hat
rElec    .         Reflect  +   (no cloak)
rCorr    .         Harm     .   (no gloves)
MR       .....                  (no boots)
Stlth    ++........             J - +2 amulet of reflection
Regen    0.2/turn               g - ring of protection from cold
MPRegen  0.1/turn               x - +2 ring of dexterity

@: heroism
A: retaliatory headbutt, horns 2
a: Heroism, Renounce Religion


You were on level 5 of the Dungeon.
You worshipped Okawaru.
Okawaru was aware of your devotion.
You were not hungry.

You visited 2 branches of the dungeon, and saw 7 of its levels.
You also visited: Sewer.

You collected 269 gold pieces.

Inventory:

Hand Weapons
 a - a +0 war axe (weapon)
 b - a +0 blowgun
Missiles
 E - 11 poisoned needles
Armour
 c - a +0 hat (worn)
 e - a +0 ring mail (worn)
Jewellery
 g - a ring of protection from cold (left hand)
 m - an uncursed amulet of guardian spirit
 x - a +2 ring of dexterity (right hand)
 J - a +2 amulet of reflection (around neck)
Wands
 o - a wand of random effects (23/48)
 B - a wand of enslavement (3/24)
 C - a wand of flame (26/48)
Scrolls
 i - 2 scrolls of amnesia
 k - 4 scrolls of enchant armour
 p - a scroll of teleportation
 s - a scroll of recharging
 v - 2 scrolls of remove curse
 y - a scroll of random uselessness {unknown}
 A - a scroll of blinking {unknown}
 G - a scroll of noise {unknown}
 H - a scroll of identify
Potions
 h - a potion of haste
 j - 2 potions of mutation {unknown}
 l - a potion of brilliance {unknown}
 q - a potion of berserk rage {unknown}
 r - a potion of heal wounds {unknown}
 u - a potion of might {unknown}
 z - 2 potions of curing {unknown}
 D - a potion of degeneration {unknown}
 F - a potion of invisibility {unknown}
 I - a potion of magic {unknown}
Comestibles
 d - a chunk of flesh
 f - 4 bread rations
 n - 3 royal jellies
 w - 2 meat rations


   Skills:
 - Level 2.4(7.4) Fighting
 * Level 12.3(17.3) Axes
 - Level 2.0(7.0) Throwing
 - Level 3.2(8.2) Dodging


You had 7 spell levels left.
You didn't know any spells.

Dungeon Overview and Level Annotations

Branches:
Dungeon (6/15)             Temple (1/1) D:4

Altars:
Ashenzari
Cheibriados
Dithmenos
Elyvilon
Fedhas
Gozag
Hepliaklqana
Kikubaaqudgha
Makhleb
Nemelex Xobeh
Okawaru
Sif Muna
Trog
Uskayaw
Vehumet
Yredelemnul

Annotations:
D:5 Uniporpoise's ghost, novice MiFi


Innate Abilities, Weirdness & Mutations

You reflexively headbutt those who attack you in melee.
You have a pair of horns on your head.


Message History

Uniporpoise's ghost closely misses you.
You hit Uniporpoise's ghost but do no damage.
Uniporpoise's ghost is moderately damaged.
Uniporpoise's ghost hits you!
You barely miss Uniporpoise's ghost.
Uniporpoise's ghost is moderately damaged.
You hit Uniporpoise's ghost. You headbutt Uniporpoise's ghost.
Uniporpoise's ghost is moderately damaged.
Uniporpoise's ghost hits you!
* * * LOW HITPOINT WARNING * * *
You hit Uniporpoise's ghost but do no damage.
Uniporpoise's ghost is moderately damaged.
Uniporpoise's ghost hits you!
* * * LOW HITPOINT WARNING * * *
You slice Uniporpoise's ghost!!
Uniporpoise's ghost is severely damaged.
You hit Uniporpoise's ghost but do no damage.
Uniporpoise's ghost is severely damaged.
Uniporpoise's ghost hits you!
You die...

#.# #.# #.# (# #.# ##
#.# #.# #.# ##. #.#
#.# #.# .. #.#
#.###(## # #. #.#
#.##.(.#
#.#.######.###.#..>..
#..W@..........#.....
#...†÷.........#.###.
##..######.###.#)# #
..... #.# #.#.#
####.. #.# #.#.####
... #.# #......( ##..
#.# ###.###. ##. #.#
#.###. #. #.# #)....


You could see Uniporpoise's ghost.

Vanquished Creatures
  Sigmund (D:3)
  Duvessa (D:4)
  Purgy (Sewer)
  2 sky beasts
  An ice beast (D:5)
  An ogre (D:4)
  A centaur (D:5)
  A bullfrog (D:6)
  Dowan (D:4)
  An orc priest (D:3)
  3 hounds
  Jessica (D:2)
  An iguana (D:4)
  Ijyb (D:3)
  A worker ant (D:4)
  A worker ant zombie (D:3)
  11 adders
  An ooze (D:3)
  3 worms
  An adder skeleton (D:4)
  A dart slug (D:2)
  2 leopard geckos
  2 orcs (D:3)
  5 bats
  4 giant cockroaches
  10 goblins
  7 hobgoblins
  4 jackals (D:3)
  13 kobolds
  2 quokkas
  7 frilled lizards
  6 rats
98 creatures vanquished.

Notes
Turn   | Place    | Note
-------+----------+-------------------------------------------
     0 | D:1      | relicbr the Minotaur Gladiator began the quest for the Orb.
     0 | D:1      | Reached XP level 1. HP: 18/18 MP: 0/0
   113 | D:1      | Reached skill level 4 in Axes
   292 | D:1      | Reached XP level 2. HP: 25/25 MP: 1/1
   666 | D:2      | Noticed Jessica
   668 | D:2      | Killed Jessica
   668 | D:2      | Reached skill level 5 in Axes
   668 | D:2      | Reached XP level 3. HP: 30/30 MP: 2/2
   990 | D:2      | Found a faded altar of an unknown god.
  1260 | D:2      | Reached skill level 6 in Axes
  1260 | D:2      | Reached XP level 4. HP: 33/37 MP: 3/3
  1836 | D:3      | Reached XP level 5. HP: 42/42 MP: 4/4
  1883 | D:3      | Noticed Sigmund
  1888 | D:3      | Killed Sigmund
  1888 | D:3      | Reached skill level 8 in Axes
  1888 | D:3      | Reached XP level 6. HP: 50/50 MP: 5/5
  2440 | D:3      | Noticed Ijyb
  2457 | D:3      | Killed Ijyb
  2797 | D:4      | Found a glowing drain.
  2812 | D:4      | Reached skill level 9 in Axes
  2833 | Sewer    | Entered a sewer
  2911 | Sewer    | Noticed Purgy
  2918 | Sewer    | Killed Purgy
  2918 | Sewer    | Reached XP level 7. HP: 56/56 MP: 4/6
  3025 | D:4      | Noticed Duvessa
  3037 | D:4      | Killed Duvessa
  3037 | D:4      | Reached skill level 10 in Axes
  3038 | D:4      | Noticed Dowan
  3050 | D:4      | Killed Dowan
  3406 | D:4      | Found a staircase to the Ecumenical Temple.
  3422 | Temple   | Entered the Ecumenical Temple
  3562 | Temple   | Became a worshipper of Warmaster Okawaru
  4085 | D:4      | Reached skill level 11 in Axes
  4141 | D:5      | Entered Level 5 of the Dungeon
  4144 | D:5      | Found a blossoming altar of Fedhas.
  4185 | D:6      | Reached XP level 8. HP: 23/62 MP: 7/7
  4413 | D:6      | Reached * piety under Okawaru
  4522 | D:5      | Reached skill level 12 in Axes
  4571 | D:5      | Noticed Uniporpoise's ghost (novice MiFi)
  4579 | D:5      | HP: 1/62 [Uniporpoise's ghost (12)]
  4581 | D:5      | Demolished by Uniporpoise's ghost

Vault maps used:
D:1:      dpeg_arrival_stone_temple_mockup
D:2:      chequers_ecumenical_altar_simple_redux, uniq_jessica
D:3:      hangedman_feature_mirror, uniq_sigmund, uniq_iyjb
D:4:      minmay_temple_entry_statues_pillars, first_bread,
          gup_sewer_entry_glass, kennysheep_generic_room_7, uniq_duvessa
D:5:      minivault_23, fedhas_bush_and_centaur_altar
D:6:      kennysheep_mini, okawaru_ov_weapons_minmay
Temple:   nicolae_temple_elliptical
Sewer:    kennysheep_door_sewer

Skill      XL: |  1  2  3  4  5  6  7  8 |
---------------+-------------------------+-----
Axes           | 4 5 6 8 9 11 12 | 12.3
Fighting       | |  2.4
Throwing       | |  2.0
Dodging        | |  3.2

Action                   |  1- 3 |  4- 6 |  7- 9 || total
-------------------------+-------+-------+-------++-------
Melee: War axe           |    48 |   116 |    94 ||   258
       Headbutt          |    10 |    18 |    22 ||    50
       Punch             |       |       |     1 ||     1
 Fire: Blowgun           |       |     2 |     6 ||     8
Throw: Throwing net      |       |     2 |     4 ||     6
Invok: Heroism           |       |       |     1 ||     1
  Use: Scroll            |       |     8 |     1 ||     9
 Stab: Held in net/web   |       |     2 |     3 ||     5
  Eat: Chunk             |     1 |     5 |     2 ||     8
       Fruit             |       |       |     4 ||     4
Armor: Ring mail         |    11 |    25 |    30 ||    66
Dodge: Dodged            |    23 |    85 |    39 ||   147
Block: Other             |       |       |     1 ||     1
